 Dungeon Crawl Stone Soup version 0.20-a0-936-gaf809b6 (webtiles) character file.

82 Isola the Slasher (level 4, -4/27 HPs)
             Began as a Tengu Gladiator on Mar 30, 2017.
             Killed from afar by Natasha (5 damage)
             ... with a magic dart
             ... on level 2 of the Dungeon.
             The game lasted 00:01:47 (2062 turns).

Isola the Slasher (Tengu Gladiator)                 Turns: 2062, Time: 00:01:48

Health: -4/27      AC:  3    Str: 14    XL:     4   Next: 43%
Magic:  5/5        EV: 14    Int: 13    God:
Gold:   22         SH:  0    Dex: 16    Spells: 3/3 levels left

rFire    . . .     SeeInvis .   a - +0 long sword
rCold    . . .     Gourm    .   (no shield)
rNeg     . . .     Faith    .   b - +0 leather armour
rPois    .         Spirit   .   c - +0 hat
rElec    .         Reflect  .   (no cloak)
rCorr    .         Harm     .   (no gloves)
MR       .....                  (boots unavailable)
Stlth    +.........             (no amulet)
Regen    0.1/turn               e - +4 ring of intelligence
MPRegen  0.1/turn               (no ring)

@: no status effects
A: beak, talons 3
a: no special abilities


You were on level 2 of the Dungeon.
You were not hungry.

You visited 1 branch of the dungeon, and saw 2 of its levels.

You collected 22 gold pieces.

Inventory:

Hand Weapons
 a - a +0 long sword (weapon)
Missiles
 d - 3 throwing nets (quivered)
Armour
 b - a +0 leather armour (worn)
 c - a +0 hat (worn)
Jewellery
 e - a +4 ring of intelligence (left hand)
Scrolls
 i - 4 scrolls of identify {unknown}
 n - 3 scrolls of immolation {unknown}
 o - 2 scrolls of magic mapping {unknown}
Potions
 j - 2 potions of lignification {unknown}
 k - a potion of resistance {unknown}
 l - 2 potions of heal wounds {unknown}
 m - a potion of invisibility {unknown}
 p - a potion of might
 r - a potion of curing {unknown}
Comestibles
 f - a bread ration
 g - a royal jelly
 h - a meat ration


   Skills:
 + Level 2.9 Fighting
 * Level 4.3 Long Blades
 - Level 2.0 Throwing
 + Level 4.1 Dodging


You had 3 spell levels left.
You didn't know any spells.

Dungeon Overview and Level Annotations

Branches:
Dungeon (2/15)

Altars:

Annotations:
D:2 Natasha


Innate Abilities, Weirdness & Mutations

You have a beak for a mouth.
You have claws for feet.


Message History

You closely miss Natasha. You claw Natasha, but do no damage.
Your peck misses Natasha.
Natasha is lightly wounded.
Natasha misses you.
You closely miss Natasha. Your kick misses Natasha.
Natasha is lightly wounded.
Natasha misses you.
You barely miss Natasha.
Natasha is lightly wounded.
Natasha casts a spell at you. The magic dart hits you!
Natasha closely misses you.
You barely miss Natasha. Your kick misses Natasha. Your peck misses Natasha.
Natasha is lightly wounded.
Natasha claws you!
* * * LOW HITPOINT WARNING * * *
You hit Natasha but do no damage.
Natasha is lightly wounded.
Natasha stares at you and mumbles some strange words.
The magic dart hits you!
You die...

#################
#######...............#. ..
........................ ..###
#######.................. ..... #
#.........@h...... ..... #
#...###..........# .....
#######...###..........# ......
##..........#+##.......# .......
##........#...........##.........
##........#................#.....
##.................#######.#.....
........(..................#.....
###.........#.##...).......#.....


You could see Natasha.

Vanquished Creatures
  Natasha (D:2)
  An adder (D:2)
  An ooze (D:2)
  2 worms (D:2)
  A dart slug (D:1)
  A leopard gecko (D:2)
  A ball python (D:1)
  4 bats
  2 giant cockroaches (D:2)
  3 hobgoblins (D:1)
  3 jackals (D:1)
  6 kobolds
  5 goblins (D:1)
  5 rats
36 creatures vanquished.

Notes
Turn   | Place    | Note
-------+----------+-------------------------------------------
     0 | D:1      | Isola the Tengu Gladiator began the quest for the Orb.
     0 | D:1      | Reached XP level 1. HP: 12/12 MP: 2/2
   254 | D:1      | Reached XP level 2. HP: 6/17 MP: 3/3
   756 | D:1      | Reached XP level 3. HP: 14/22 MP: 4/4
  2034 | D:2      | Noticed Natasha
  2041 | D:2      | Killed Natasha
  2041 | D:2      | Reached XP level 4. HP: 18/27 MP: 5/5
  2053 | D:2      | Noticed Natasha
  2061 | D:2      | HP: 1/27 [Natasha (12)]
  2062 | D:2      | Killed from afar by Natasha

Vault maps used:
D:1:      scummos_arrival_simple_fountains
D:2:      uniq_natasha

Skill      XL: |  1  2  3 |
---------------+----------+-----
Long Blades    | 4 |  4.3
Dodging        | 4 |  4.1
Fighting       | |  2.9
Throwing       | |  2.0

Action                   |  1- 3 |  4- 6 || total
-------------------------+-------+-------++-------
Melee: Long sword        |    77 |     8 ||    85
       Peck              |    11 |     1 ||    12
       Kick              |    27 |     3 ||    30
 Stab: Sleeping          |     2 |       ||     2
  Eat: Chunk             |     3 |     1 ||     4
Armor: Leather armour    |    14 |     1 ||    15
Dodge: Dodged            |    50 |     5 ||    55
       Rpst.: Long sword |    15 |     1 ||    16
